 Dungeon Crawl Stone Soup version 0.29-a0-72-g1732ff48e7 (webtiles) character file.

Game seed: 18365535843202733407

100 bande the Covered (level 4, -1/29 HPs)
             Began as a Gargoyle Fighter on Feb 3, 2022.
             Killed from afar by Natasha (6 damage)
             ... with a magic dart
             ... on level 3 of the Dungeon on Feb 4, 2022.
             The game lasted 00:03:47 (2219 turns).

bande the Covered (Gargoyle Fighter)                Turns: 2219, Time: 00:03:48

Health: -1/29      AC: 10    Str: 20    XL:     4   Next: 74%
Magic:  4/4        EV:  8    Int:  8    God:
Gold:   112        SH:  8    Dex: 11    Spells: 3/3 levels left

rFire   . . .      SeeInvis .   a - +0 war axe
rCold   . . .      Faith    .   g - +0 kite shield
rNeg    + . .      Spirit   .   b - +0 scale mail
rPois   ∞          Reflect  .   (no helmet)
rElec   +          Harm     .   (no cloak)
rCorr   .          Rampage  .   (no gloves)
Will    .....                   (no boots)
Stlth   ..........              (no amulet)
HPRegen 0.09/turn               (no ring)
MPRegen 0.09/turn               (no ring)

@: slowed, very slow
A: sickness immunity, AC +3, negative energy resistance 1, electricity
resistance, torment resistance 1, petrification resistance
a: no special abilities


You were on level 3 of the Dungeon.
You visited 1 branch of the dungeon, and saw 3 of its levels.

You collected 112 gold pieces.

Inventory:

Hand Weapons
 a - a +0 war axe (weapon)
 j - a +0 war axe
Armour
 b - a +0 scale mail (worn)
 g - a +0 kite shield (worn)
Jewellery
 h - a +4 ring of protection
 i - a ring of protection from cold
Scrolls
 c - a scroll of magic mapping
 k - a scroll of identify {unknown}
Potions
 d - a potion of might
 e - a potion of brilliance {unknown}
 f - 2 potions of resistance {unknown}
 l - a potion of ambrosia {unknown}
 m - 2 potions of magic {unknown}


   Skills:
 + Level 3.7 Fighting
 + Level 3.1 Axes
 + Level 4.0 Armour
 + Level 3.9 Shields


You had 3 spell levels left.
You didn't know any spells.
Your spell library was empty.

Dungeon Overview and Level Annotations

Branches:
Dungeon (3/15)

Altars:
Ashenzari

Annotations:
D:3 Natasha


Innate Abilities, Weirdness & Mutations

You are immune to sickness and miasma.
Your stone body is resilient. (AC +3)
You are immune to poison.
You resist negative energy. (rN+)
You are resistant to electric shocks. (rElec)
You are resistant to unholy torment.
You are immune to petrification.


Message History

Natasha is moderately wounded.
Natasha claws you. Natasha barely misses you.
You hit Natasha.
Natasha is heavily wounded.
Natasha casts a spell at you.
You feel as though you will be slow longer.
You block Natasha's attack.
You closely miss Natasha.
Natasha is heavily wounded.
Natasha howls an incantation.
Natasha's front paws start to glow.
Natasha barely misses you. Natasha claws you but does no damage.
Natasha mumbles some strange words.
You feel disoriented. You block Natasha's attack.
You closely miss Natasha.
Natasha is heavily wounded.
Natasha claws you. Natasha barely misses you.
You hit Natasha.
Natasha is almost dead.
Natasha barely misses you.
Natasha casts a spell.
You closely miss Natasha.
Natasha is almost dead.
You miss the crimson imp. Natasha claws you but does no damage.
The crimson imp hits you but does no damage.
Natasha claws you but does no damage. The crimson imp hits you.
Natasha wildly gestures.
Natasha's front paws start to glow.
Natasha stares at you and mumbles some strange words.
The magic dart hits you!
* * * LOW HITPOINT WARNING * * *
You closely miss Natasha.
Natasha is almost dead.
You closely miss the crimson imp. The crimson imp hits you.
* * * LOW HITPOINT WARNING * * *
You block Natasha's attack.
The crimson imp blinks!
Natasha casts a spell at you. The magic dart hits you.
You die...

#.........##........
#....####.##........
#.#.#####.#####.####
..###.#.#...........#
..........###.#######
#####.#.### #.#
#.#.#####.#
#5.§......# .######
###@####### .......
#h# ####.#. ##.######
.....#.###)......#
...#.#......####.#
._.#.#..##...##
...#.#.##.....#
.....#. ##...##
####.#$ ##.##


You could see Natasha and a crimson imp (summoned).

Vanquished Creatures
  A bullfrog zombie (D:3)
  A gnoll (D:1)
  An adder (D:2)
  2 worms (D:2)
  3 dart slugs
  An orc (D:3)
  4 bats
  3 endoplasms
  3 giant cockroaches
  2 hobgoblins (D:1)
  2 kobolds (D:2)
  6 ball pythons
  3 frilled lizards
  2 goblins
  5 rats
39 creatures vanquished.

Notes
Turn   | Place    | Note
-------+----------+-------------------------------------------
     0 | D:1      | bande the Gargoyle Fighter began the quest for the Orb.
     0 | D:1      | Reached XP level 1. HP: 14/14 MP: 1/1
   417 | D:1      | Reached XP level 2. HP: 19/19 MP: 2/2
   566 | D:1      | You fall into a shaft and drop 1 floor!
   566 | D:2      | Found a faded altar of an unknown god.
   688 | D:1      | Reached XP level 3. HP: 23/23 MP: 3/3
  1647 | D:2      | Reached XP level 4. HP: 24/28 MP: 4/4
  2126 | D:3      | Reached skill level 4 in Armour
  2197 | D:3      | Found a broken altar of Ashenzari.
  2198 | D:3      | Noticed Natasha
  2219 | D:3      | Killed from afar by Natasha

Illustrated notes

Levels and vault maps discovered:
D:1:      matt_arrival_spirals, layout_basic, hex_medium,
          hangedman_decor_growths
D:2:      layout_loops_ring, basic_ecumenical_altar, grunt_ministairs_12
D:3:      layout_loops_corners, mainiacjoe_overflow_paths,
          mainiacjoe_overflow_cross_hatched, grunt_qazlal_clouds,
          lightli_temple_of_fire, uniq_grinder, uniq_natasha

Skill      XL: |  1  2  3  4 |
---------------+-------------+-----
Axes           | 2 3 |  3.1
Armour         | 4 |  4.0
Fighting       | |  3.7
Shields        | |  3.9

Action                   |  1- 3 |  4- 6 || total
-------------------------+-------+-------++-------
Melee: War axe           |    85 |    31 ||   116
  Use: Scroll            |     1 |       ||     1
Armor: Scale mail        |    52 |    15 ||    67
Dodge: Dodged            |    34 |    12 ||    46
Block: Buckler           |     3 |       ||     3
       Kite shield       |    34 |    12 ||    46

Table legend: (Time is in decaauts)
 A = Elapsed time spent in this place.
 B = Non-inter-level travel time spent in this place.
 C = Inter-level travel time spent in this place.
 D = Time resting spent in this place.
 E = Time spent auto-exploring this place.
 F = Levels seen in this place.
 G = Mean time per level.
                   A        B        C        D        E       F      G
               +--------+--------+--------+--------+--------+-----+--------+
         Total |   2290 |   2250 |     40 |      0 |   1848 |   3 |  763.3 |
       Dungeon |   2290 |   2250 |     40 |      0 |   1848 |   3 |  763.3 |
               +--------+--------+--------+--------+--------+-----+--------+

Top non-repeatable levels by time:
     D:1: 1101 daAuts
     D:2: 984 daAuts
     D:3: 205 daAuts
